 Dungeon Crawl Stone Soup version 0.22.0-18-ge075c0de6d (webtiles) character file.

534 Kniotic the Conjurer (level 6, -6/45 HPs)
             Began as a Demigod Conjurer on Aug 18, 2018.
             Mangled by a killer bee (8 damage)
             ... on level 4 of the Dungeon.
             The game lasted 00:08:59 (4530 turns).

Kniotic the Conjurer (Demigod Conjurer)             Turns: 4530, Time: 00:09:00

Health: -6/45      AC:  3    Str: 11    XL:     6   Next: 74%
Magic:  6/16       EV: 18    Int: 23    God:
Gold:   148        SH:  0    Dex: 21    Spells: 5/14 levels left

rFire    + . .     SeeInvis .   s - +0 halberd
rCold    + . .     Gourm    .   (shield currently unavailable)
rNeg     . . .     Faith    .   a - +0 robe
rPois    +         Spirit   .   (no helmet)
rElec    .         Reflect  .   h - scarf {rC+ rF+}
rCorr    .         Harm     .   q - +0 pair of gloves
MR       .....                  (no boots)
Stlth    +++.......             (no amulet)
HPRegen  0.15/turn              f - ring of poison resistance
MPRegen  0.15/turn              (no ring)

@: agile, lethally poisoned (-6 -> -9), about to teleport
A: high mp 1
a: no special abilities


You were on level 4 of the Dungeon.
You were hungry.

You visited 1 branch of the dungeon, and saw 5 of its levels.

You collected 148 gold pieces.

Inventory:

Hand Weapons
 s - a +0 halberd (weapon)
Armour
 a - a +0 robe (worn)
 h - a scarf of resistance (worn)
 i - a scarf of cloud immunity
 q - a +0 pair of gloves (worn)
Jewellery
 f - a ring of poison resistance (left hand)
Scrolls
 b - 3 scrolls of remove curse
 g - a scroll of teleportation
 j - 8 scrolls of identify {unknown}
 k - a scroll of random uselessness {unknown}
 l - 2 scrolls of enchant weapon {unknown}
 m - a scroll of immolation {unknown}
 p - a scroll of noise {unknown}
 r - 2 scrolls of fear {unknown}
 t - a scroll of magic mapping {unknown}
Potions
 d - a potion of brilliance {unknown}
 n - a potion of agility
 o - a potion of cancellation {unknown}
 v - a potion of degeneration {unknown}
 w - a potion of flight {unknown}
Comestibles
 c - 8 rations
 u - 4 chunks of flesh


   Skills:
 - Level 1.7 Dodging
 - Level 1.7 Stealth
 + Level 4.7 Spellcasting
 + Level 6.0 Conjurations


You had 5 spell levels left.
You knew the following spells:

 Your Spells              Type           Power        Failure   Level  Hunger
a - Magic Dart            Conj           ####         1%          1    None
b - Iskenderun's Mystic   Conj           ####....     8%          4    ####...
c - Fulminant Prism       Conj/Hex       ###.......   28%         4    ####...

Your spell library contained the following spells:

 Spells                   Type           Power        Failure   Level  Hunger
 Searing Ray              Conj           ####..       1%          2    None
 Dazzling Spray           Conj/Hex       ###...       9%          3    ##.....
 Force Lance              Conj/Tloc      ###.....     28%         4    ####...


Dungeon Overview and Level Annotations

Branches:
Dungeon (5/15)
 Temple: D:4-7


Innate Abilities, Weirdness & Mutations

You have an increased reservoir of magic. (+10% MP)


Message History

There is a stone staircase leading up here.
The killer bee completely misses you. The killer bee closely misses you.
You climb upwards.
You feel sick. The killer bee misses you.
The killer bee stings you but does no damage.
The killer bee misses you.
There is a stone staircase leading down here.
You feel better. The killer bee barely misses you. The killer bee stings you!
* * * LOW HITPOINT WARNING * * *
You are poisoned.
The killer bee poisons you! The killer bee stings you.
* * * LOW HITPOINT WARNING * * *
The killer bee closely misses you.
As you read the scroll labeled QATTIT XATOEF, it crumbles to dust.
You feel strangely unstable.
It was a scroll of teleportation.
You feel sick. The killer bee barely misses you.
The killer bee closely misses you. The killer bee barely misses you.
The killer bee stings you.
* * * LOW HITPOINT WARNING * * *
The killer bee closely misses you. The killer bee barely misses you.
The killer bee stings you!
You die...

#.#(.###.#
...#...##.#
#.###.#.##.#
#.###.#).#.#
#........#o#
####.##[.#.#
...#)([.a#
#####.##yy#
######....@#
#....(..####
#.#####.#
#.#...#.#
#..<..#.#
#######.# .#
##


You could see a worker ant, 2 killer bees and an orc.

Vanquished Creatures
  Sigmund (D:3)
  A scorpion (D:4)
  A killer bee (D:4)
  A hound (D:4)
  3 orc wizards
  4 gnolls (D:3)
  5 adders
  A shadow imp (D:3)
  An ooze (D:2)
  4 worms
  A dart slug (D:2)
  3 leopard geckos
  10 orcs
  4 bats
  6 goblins
  4 hobgoblins
  2 jackals (D:3)
  3 kobolds (D:2)
  A quokka (D:4)
  2 ball pythons
  A frilled lizard (D:2)
  A jackal skeleton (D:4)
  5 rats
65 creatures vanquished.

Vanquished Creatures (others)
  A plant (D:3)
1 creature vanquished.

Grand Total: 66 creatures vanquished

Notes
Turn   | Place    | Note
-------+----------+-------------------------------------------
     0 | D:1      | Kniotic the Demigod Conjurer began the quest for the Orb.
     0 | D:1      | Reached XP level 1. HP: 14/14 MP: 5/5
   589 | D:1      | Reached XP level 2. HP: 20/20 MP: 0/7
   806 | D:2      | Found a shattered altar of Ashenzari.
   915 | D:2      | Reached skill level 4 in Conjurations
  1148 | D:2      | Reached XP level 3. HP: 26/26 MP: 0/9
  1750 | D:3      | Noticed an orc warrior
  2018 | D:3      | Reached XP level 4. HP: 33/33 MP: 4/11
  2692 | D:3      | Noticed Sigmund
  2749 | D:3      | Killed Sigmund
  2749 | D:3      | Reached skill level 5 in Conjurations
  2749 | D:3      | Reached XP level 5. HP: 17/38 MP: 1/14
  3075 | D:3      | Reached XP level 6. HP: 13/45 MP: 4/15
  3803 | D:3      | Learned a level 4 spell: Iskenderun's Mystic Blast
  3808 | D:3      | Learned a level 4 spell: Fulminant Prism
  3817 | D:3      | Found a basalt altar of Yredelemnul.
  4501 | D:4      | Reached skill level 6 in Conjurations
  4515 | D:5      | Entered Level 5 of the Dungeon
  4529 | D:4      | HP: 2/45 [killer bee (4)]
  4530 | D:4      | Mangled by a killer bee

Skill      XL: |  1  2  3  4  5  6 |
---------------+-------------------+-----
Spellcasting   | 2 3 4 |  4.7
Conjurations   | 4 5 6 |  6.0
Dodging        | |  1.7
Stealth        | |  1.7

Action                   |  1- 3 |  4- 6 || total
-------------------------+-------+-------++-------
Melee: Unarmed           |     2 |       ||     2
 Cast: Magic Dart        |    96 |   134 ||   230
       Iskenderun's Myst |       |     4 ||     4
  Use: Potion            |       |     3 ||     3
       Scroll            |       |     2 ||     2
 Stab: Sleeping          |     1 |       ||     1
  Eat: Chunk             |     4 |     7 ||    11
Armor: Robe              |     3 |    10 ||    13
Dodge: Dodged            |     8 |    74 ||    82
